TOP OF THE 1ST |
Columbus Reds batting - Pitching for Brockton Rox : RHP Jeremy Valk
|
Pitching: RHP Jeremy Valk
|
|
Batting: LHB Alex Ramos
|
0-0: Ball 1-0: Called Strike 1-1: Called Strike 1-2: Ball 2-2: Foul Ball, location: 2F 2-2: SINGLE (Line Drive, 34D, EV 108.8 MPH)
|
Batting: RHB Tony Camacho
|
0-0: Ground out 4-3 (Groundball, 34S, EV 85.6 MPH) Alex Ramos to second
|
Batting: RHB Aaron Barraza
|
0-0: Foul Ball, location: 2F 0-1: Ball 1-1: Foul Ball, location: 2F 1-2: Foul Ball, location: 2F 1-2: Ball 2-2: SINGLE (Line Drive, 9S, EV 111.2 MPH) Alex Ramos to third
|
Batting: RHB Matt Carman
|
0-0: Foul Ball, location: 2F 0-1: Ball 1-1: Called Strike 1-2: DOUBLE (Line Drive, 9LS, EV 87.5 MPH) Alex Ramos scores Aaron Barraza to third Runner from 3rd tries for Home, throw by RF and OUT! 9-4-2
|
Batting: SHB Bill Dissette
|
0-0: Called Strike 0-1: Ball 1-1: Ball 2-1: Ball 3-1: Foul Ball, location: 2F 3-2: Strikes out swinging
|
Top of the 1st over - 1 run, 3 hits, 0 errors, 1 left on base; Columbus 1 - Brockton 0 |
BOTTOM OF THE 1ST |
Brockton Rox batting - Pitching for Columbus Reds : RHP Chris Santos
|
Pitching: RHP Chris Santos
|
|
Batting: SHB Zach Clark
|
0-0: Ground out 3-1 (Groundball, 34S, EV 95.0 MPH)
|
Batting: RHB Jose Blocker
|
0-0: Ball 1-0: Ball 2-0: Ball 3-0: Ground out 6-3 (Groundball, 6, EV 108.1 MPH)
|
Batting: RHB Matt Walker
|
0-0: Ball 1-0: Ball 2-0: Ball 3-0: Called Strike 3-1: SINGLE (Groundball, 56D, EV 97.5 MPH)
|
Batting: LHB Isaiah Spitzbarth
|
0-0: Ball 1-0: Ball 2-0: Called Strike 2-1: Ground out U3 (Groundball, 3, EV 82.5 MPH)
|
Bottom of the 1st over - 0 runs, 1 hit, 0 errors, 1 left on base; Columbus 1 - Brockton 0 |
TOP OF THE 2ND |
Columbus Reds batting - Pitching for Brockton Rox : RHP Jeremy Valk
|
Batting: SHB Colin Black
|
0-0: Ball 1-0: Called Strike 1-1: Ball 2-1: Swinging Strike 2-2: Strikes out looking
|
Batting: RHB Jorge Velez
|
0-0: Ball 1-0: Foul Ball, location: 2F 1-1: Called Strike 1-2: Ground out 6-3 (Groundball, 6, EV 98.8 MPH)
|
Batting: RHB Nick Partain
|
0-0: Ball 1-0: Ball 2-0: Called Strike 2-1: Foul Ball, location: 2F 2-2: Ball 3-2: Foul Ball, location: 2F 3-2: Base on Balls
|
Batting: RHB Cornholdo Schwerin
|
0-0: Fly out, F8 (Flyball, 78S, EV 90.0 MPH)
|
Top of the 2nd over - 0 runs, 0 hits, 0 errors, 1 left on base; Columbus 1 - Brockton 0 |
BOTTOM OF THE 2ND |
Brockton Rox batting - Pitching for Columbus Reds : RHP Chris Santos
|
Batting: LHB Joe Martens
|
0-0: Called Strike 0-1: Foul Ball, location: 2F 0-2: Ball 1-2: Strikes out swinging
|
Batting: LHB Makoto Shimazu
|
0-0: Called Strike 0-1: Ball 1-1: Ground out 6-3 (Groundball, 6M, EV 80.6 MPH)
|
Pinch Hitting: RHB Joe Borrowman
|
0-0: Ball 1-0: Fly out, F8 (Line Drive, 8RD, EV 95.6 MPH)
|
Bottom of the 2nd over - 0 runs, 0 hits, 0 errors, 0 left on base; Columbus 1 - Brockton 0 |
TOP OF THE 3RD |
Columbus Reds batting - Pitching for Brockton Rox :
|
Pitching: RHP Danny Diaz
|
|
Batting: LHB Alex Ramos
|
0-0: Ball 1-0: Swinging Strike 1-1: Ball 2-1: Ball 3-1: Foul Ball, location: 2F 3-2: Foul Ball, location: 2F 3-2: Strikes out swinging
|
Batting: RHB Tony Camacho
|
0-0: Ball 1-0: Called Strike 1-1: SINGLE (Line Drive, 78S, EV 90.0 MPH)
|
Batting: RHB Aaron Barraza
|
0-0: Called Strike Tony Camacho is caught stealing 2nd base 2-4 0-1: SINGLE (Line Drive, 9S, EV 92.5 MPH)
|
Batting: RHB Matt Carman
|
0-0: Ball 1-0: Ball 2-0: Called Strike 2-1: Foul Ball, location: 2F 2-2: Hit by Pitch Aaron Barraza to second
|
Batting: SHB Bill Dissette
|
0-0: Called Strike 0-1: Ball 1-1: Ball 2-1: Foul Ball, location: 2F 2-2: Foul Ball, location: 2F 2-2: Strikes out swinging passed ball, reaches first! Aaron Barraza to third Matt Carman to second
|
Batting: SHB Colin Black
|
0-0: Foul Ball, location: 2F 0-1: Ball 1-1: Ball 2-1: Ball 3-1: Base on Balls Aaron Barraza scores Matt Carman to third Bill Dissette to second
|
Batting: RHB Jorge Velez
|
0-0: Foul Ball, location: 2F 0-1: Ball 1-1: Called Strike 1-2: Ball 2-2: Strikes out swinging
|
Top of the 3rd over - 1 run, 2 hits, 0 errors, 3 left on base; Columbus 2 - Brockton 0 |
BOTTOM OF THE 3RD |
Brockton Rox batting - Pitching for Columbus Reds : RHP Chris Santos
|
Batting: LHB Darby Starburster
|
0-0: Ball 1-0: Fly out, F8 (Flyball, 8RM, EV 75.0 MPH)
|
Batting: RHB Rob Romero
|
0-0: Foul Ball, location: 2F 0-1: Ball 1-1: Swinging Strike 1-2: Strikes out swinging
|
Batting: SHB Zach Clark
|
0-0: Called Strike 0-1: Called Strike 0-2: Ball 1-2: Strikes out swinging
|
Bottom of the 3rd over - 0 runs, 0 hits, 0 errors, 0 left on base; Columbus 2 - Brockton 0 |
TOP OF THE 4TH |
Columbus Reds batting - Pitching for Brockton Rox : RHP Danny Diaz
|
Batting: RHB Nick Partain
|
0-0: Fly out, F9 (Flyball, 89M, EV 92.5 MPH)
|
Batting: RHB Cornholdo Schwerin
|
0-0: Called Strike 0-1: Called Strike 0-2: Strikes out swinging
|
Batting: LHB Alex Ramos
|
0-0: Ball 1-0: Foul Ball, location: 2F 1-1: Ball 2-1: Ball 3-1: Base on Balls
|
Batting: RHB Tony Camacho
|
0-0: Called Strike 0-1: Ball 1-1: Called Strike 1-2: Foul Ball, location: 2F 1-2: Fly out, F8 (Flyball, 89D, EV 95.0 MPH)
|
Top of the 4th over - 0 runs, 0 hits, 0 errors, 1 left on base; Columbus 2 - Brockton 0 |
BOTTOM OF THE 4TH |
Brockton Rox batting - Pitching for Columbus Reds : RHP Chris Santos
|
Batting: RHB Jose Blocker
|
0-0: Foul Ball, location: 2F 0-1: Ball 1-1: Ground out 3-1 (Groundball, 34, EV 84.4 MPH)
|
Batting: RHB Matt Walker
|
0-0: Reached on error, E3 (Groundball, 34S, EV 74.4 MPH)
|
Batting: LHB Isaiah Spitzbarth
|
0-0: Fly out, F8 (Flyball, 8LS, EV 85.0 MPH)
|
Batting: LHB Joe Martens
|
0-0: Called Strike 0-1: Swinging Strike 0-2: Foul Ball, location: 2F 0-2: Strikes out swinging
|
Bottom of the 4th over - 0 runs, 0 hits, 1 error, 1 left on base; Columbus 2 - Brockton 0 |
TOP OF THE 5TH |
Columbus Reds batting - Pitching for Brockton Rox : RHP Danny Diaz
|
Batting: RHB Aaron Barraza
|
0-0: Called Strike 0-1: Called Strike 0-2: Foul Ball, location: 2F 0-2: Foul Ball, location: 2F 0-2: Strikes out swinging
|
Batting: RHB Matt Carman
|
0-0: Ball 1-0: Called Strike 1-1: Called Strike 1-2: Ball 2-2: Foul Ball, location: 2F 2-2: Foul Ball, location: 2F 2-2: Ball 3-2: Strikes out swinging
|
Batting: SHB Bill Dissette
|
0-0: Ground out 6-3 (Groundball, 6, EV 108.1 MPH)
|
Top of the 5th over - 0 runs, 0 hits, 0 errors, 0 left on base; Columbus 2 - Brockton 0 |
BOTTOM OF THE 5TH |
Brockton Rox batting - Pitching for Columbus Reds : RHP Chris Santos
|
Batting: LHB Makoto Shimazu
|
0-0: Ball 1-0: Foul Ball, location: 2F 1-1: Ball 2-1: Ball 3-1: Called Strike 3-2: Base on Balls
|
Batting: RHB Danny Diaz
|
0-0: Bunted foul 0-1: Sac Bunt to 2R - play at first, batter OUT! 2-3 Makoto Shimazu to second
|
Batting: LHB Darby Starburster
|
0-0: Called Strike 0-1: Fly out, F7 (Flyball, 7S, EV 78.8 MPH)
|
Batting: RHB Rob Romero
|
0-0: Called Strike 0-1: Ball 1-1: Swinging Strike 1-2: Ball 2-2: Strikes out swinging
|
Bottom of the 5th over - 0 runs, 0 hits, 0 errors, 1 left on base; Columbus 2 - Brockton 0 |
TOP OF THE 6TH |
Columbus Reds batting - Pitching for Brockton Rox : RHP Danny Diaz
|
Pitching: RHP Johnny Lucero
|
|
Batting: SHB Colin Black
|
0-0: Called Strike 0-1: Swinging Strike 0-2: Foul Ball, location: 2F 0-2: Strikes out swinging, 2-3 out at first.
|
Batting: RHB Jorge Velez
|
0-0: Foul Ball, location: 2F 0-1: Called Strike 0-2: Strikes out swinging
|
Batting: RHB Nick Partain
|
0-0: Ball 1-0: Called Strike 1-1: Swinging Strike 1-2: Ball 2-2: Foul Ball, location: 2F 2-2: Ball 3-2: Base on Balls
|
Batting: RHB Cornholdo Schwerin
|
0-0: Swinging Strike 0-1: Ball 1-1: Ball 2-1: Foul Ball, location: 2F 2-2: Foul Ball, location: 2F 2-2: Strikes out swinging
|
Top of the 6th over - 0 runs, 0 hits, 0 errors, 1 left on base; Columbus 2 - Brockton 0 |
BOTTOM OF THE 6TH |
Brockton Rox batting - Pitching for Columbus Reds : RHP Chris Santos
|
Batting: SHB Zach Clark
|
0-0: Called Strike 0-1: Called Strike 0-2: Ball 1-2: TRIPLE (Line Drive, 78XD, EV 106.2 MPH)
|
Batting: RHB Jose Blocker
|
0-0: Called Strike 0-1: SINGLE (Groundball, 56D, EV 102.5 MPH) Zach Clark scores
|
Batting: RHB Matt Walker
|
0-0: Called Strike 0-1: SINGLE (Groundball, 4MD, EV 94.4 MPH) Jose Blocker to second Runner from 2nd tries for 3rd, SAFE, throw by CF made to third
|
Batting: LHB Isaiah Spitzbarth
|
0-0: Ball 1-0: Ball 2-0: Swinging Strike 2-1: Foul Ball, location: 2F 2-2: Fly out, F9 (Flyball, 9D, EV 94.4 MPH) Runner from 3rd tags up, SCORES, throw by RF
|
Batting: LHB Joe Martens
|
0-0: Ball 1-0: Swinging Strike 1-1: Ball 2-1: Called Strike 2-2: Strikes out swinging
|
Batting: LHB Makoto Shimazu
|
0-0: Called Strike 0-1: Called Strike 0-2: Foul Ball, location: 2F 0-2: Foul Ball, location: 2F 0-2: Strikes out swinging
|
Bottom of the 6th over - 2 runs, 3 hits, 0 errors, 1 left on base; Columbus 2 - Brockton 2 |
TOP OF THE 7TH |
Columbus Reds batting - Pitching for Brockton Rox : RHP Johnny Lucero
|
Pitching: LHP Brad Victor
|
|
Batting: LHB Alex Ramos
|
0-0: Called Strike 0-1: SINGLE (Groundball, 4MD, EV 94.4 MPH)
|
Batting: RHB Tony Camacho
|
0-0: Ball 1-0: Bunted foul 1-1: Sac Bunt to 2L - play at first, batter safe! Alex Ramos to second
|
Batting: RHB Aaron Barraza
|
0-0: Foul Ball, location: 2F 0-1: Ball 1-1: Ball 2-1: Foul Ball, location: 2F 2-2: Foul Ball, location: 2F 2-2: Strikes out looking
|
Batting: SHB Eddie Crawford
|
0-0: Called Strike 0-1: Called Strike 0-2: Foul Ball, location: 2F 0-2: Grounds into double play, 6-4-3 (Groundball, 6, EV 103.1 MPH)
|
Top of the 7th over - 0 runs, 2 hits, 0 errors, 1 left on base; Columbus 2 - Brockton 2 |
BOTTOM OF THE 7TH |
Brockton Rox batting - Pitching for Columbus Reds : RHP Chris Santos
|
Pinch Hitting: SHB Carlos Salazar
|
0-0: Called Strike 0-1: Ball 1-1: Called Strike 1-2: Ball 2-2: Strikes out swinging
|
Batting: LHB Darby Starburster
|
0-0: Ball 1-0: Foul Ball, location: 2F 1-1: Foul Ball, location: 2F 1-2: Strikes out swinging
|
Batting: RHB Rob Romero
|
0-0: Called Strike 0-1: Foul Ball, location: 2F 0-2: Strikes out looking
|
Bottom of the 7th over - 0 runs, 0 hits, 0 errors, 0 left on base; Columbus 2 - Brockton 2 |
TOP OF THE 8TH |
Columbus Reds batting - Pitching for Brockton Rox : LHP Brad Victor
|
Pitching: RHP Jason Metaxas
|
|
Batting: SHB Bill Dissette
|
0-0: Ball 1-0: Ball 2-0: Called Strike 2-1: Swinging Strike 2-2: Foul Ball, location: 2F 2-2: Strikes out looking
|
Batting: SHB Colin Black
|
0-0: Called Strike 0-1: Ball 1-1: Swinging Strike 1-2: Foul Ball, location: 2F 1-2: Foul Ball, location: 2F 1-2: Ball 2-2: Ball 3-2: Base on Balls
|
Batting: RHB Jorge Velez
|
0-0: Called Strike 0-1: Swinging Strike 0-2: Ball 1-2: Strikes out swinging
|
Pinch Hitting: RHB Matt Glover
|
0-0: Ball 1-0: Ball 2-0: SINGLE (Line Drive, 6MD, EV 101.9 MPH) Colin Black to second
|
Pinch Hitting: LHB Jamel Wilhite
|
0-0: Called Strike 0-1: Foul Ball, location: 2F 0-2: Ball 1-2: Fly out, F8 (Flyball, 8LM, EV 91.2 MPH)
|
Top of the 8th over - 0 runs, 1 hit, 0 errors, 2 left on base; Columbus 2 - Brockton 2 |
BOTTOM OF THE 8TH |
Brockton Rox batting - Pitching for Columbus Reds : RHP Chris Santos
|
Now in CF: Gabe Morales
|
|
Now in RF: Alex Ruybalid
|
|
Batting: SHB Zach Clark
|
0-0: Called Strike 0-1: SINGLE (Groundball, 4D, EV 96.2 MPH)
|
Batting: RHB Jose Blocker
|
0-0: Swinging Strike 0-1: Swinging Strike 0-2: Ball 1-2: Ball 2-2: Strikes out swinging
|
Batting: RHB Matt Walker
|
0-0: Foul Ball, location: 2F 0-1: Foul Ball, location: 2F 0-2: Fly out, F8 (Line Drive, 8RM, EV 90.6 MPH)
|
Batting: LHB Isaiah Spitzbarth
|
0-0: Called Strike Zach Clark is caught stealing 2nd base 2-6
|
Bottom of the 8th over - 0 runs, 1 hit, 0 errors, 0 left on base; Columbus 2 - Brockton 2 |
TOP OF THE 9TH |
Columbus Reds batting - Pitching for Brockton Rox : RHP Jason Metaxas
|
Pitching: LHP Luis Izquierdo
|
|
Batting: LHB Alex Ramos
|
0-0: Called Strike 0-1: Called Strike 0-2: Ball 1-2: Strikes out swinging
|
Batting: RHB Tony Camacho
|
0-0: Ball 1-0: Foul Ball, location: 2F 1-1: Foul Ball, location: 2F 1-2: Ball 2-2: Foul Ball, location: 2F 2-2: Ground out 5-3 (Groundball, 56S, EV 90.6 MPH)
|
Batting: RHB Aaron Barraza
|
0-0: Ball 1-0: Called Strike 1-1: Ball 2-1: Ball 3-1: Base on Balls
|
Batting: SHB Eddie Crawford
|
0-0: Called Strike 0-1: Ball 1-1: Foul Ball, location: 2F 1-2: Ball 2-2: Ball 3-2: Foul Ball, location: 2F 3-2: Base on Balls Aaron Barraza to second
|
Batting: SHB Bill Dissette
|
0-0: Ball 1-0: Ball 2-0: Ground out 6-3 (Groundball, 6D, EV 109.4 MPH)
|
Top of the 9th over - 0 runs, 0 hits, 0 errors, 2 left on base; Columbus 2 - Brockton 2 |
BOTTOM OF THE 9TH |
Brockton Rox batting - Pitching for Columbus Reds : RHP Chris Santos
|
Batting: LHB Isaiah Spitzbarth
|
0-0: Ground out 1-3 (Groundball, 13, EV 61.9 MPH)
|
Pinch Hitting: RHB Kyle Franken
|
0-0: Ball 1-0: Called Strike 1-1: Called Strike 1-2: Ball 2-2: Ball 3-2: Ground out 6-3 (Groundball, 6, EV 83.8 MPH)
|
Pinch Hitting: LHB Jim Connel
|
0-0: Ball 1-0: Ball 2-0: Swinging Strike 2-1: Foul Ball, location: 2F 2-2: Strikes out swinging
|
Bottom of the 9th over - 0 runs, 0 hits, 0 errors, 0 left on base; Columbus 2 - Brockton 2 |
TOP OF THE 10TH |
Columbus Reds batting - Pitching for Brockton Rox : LHP Luis Izquierdo
|
Now at 2B: Zach Clark
|
|
Now at 3B: Jim Connel
|
|
Now at SS: Darby Starburster
|
|
Now in LF: Wu-sheng Zi
|
|
Batting: SHB Colin Black
|
0-0: Ground out 6-3 (Groundball, 6, EV 98.8 MPH)
|
Batting: RHB Jorge Velez
|
0-0: Ball 1-0: SINGLE (Line Drive, 3D, EV 95.6 MPH)
|
Batting: LHB Gabe Morales
|
0-0: Ball 1-0: Ball 2-0: Ball 3-0: Base on Balls Jorge Velez to second
|
Pitching: RHP Chris Hallman
|
|
Batting: RHB Alex Ruybalid
|
0-0: Ball 1-0: Fielders Choice at 2nd, 6-4 (Groundball, 6, EV 85.6 MPH) Jorge Velez to third
|
Batting: LHB Alex Ramos
|
0-0: Called Strike 0-1: Ball Wild Pitch! Jorge Velez scores Alex Ruybalid to second 1-1: Called Strike 1-2: Ball 2-2: Ball 3-2: Foul Ball, location: 2F 3-2: Base on Balls
|
Batting: RHB Tony Camacho
|
0-0: Swinging Strike 0-1: Foul Ball, location: 2F 0-2: Foul Ball, location: 2F 0-2: Ball 1-2: Strikes out looking
|
Top of the 10th over - 1 run, 1 hit, 0 errors, 2 left on base; Columbus 3 - Brockton 2 |
BOTTOM OF THE 10TH |
Brockton Rox batting - Pitching for Columbus Reds : RHP Chris Santos
|
Pitching: RHP Jaiden Triplett
|
|
Pinch Hitting: SHB Mel Gonzalez
|
0-0: Ball 1-0: Called Strike 1-1: Ball 2-1: Ball 3-1: Fly out, F7 (Flyball, 7S, EV 84.4 MPH)
|
Pinch Hitting: RHB Eric Morrison
|
0-0: Called Strike 0-1: SINGLE (Groundball, 56S, EV 83.8 MPH) (infield hit)
|
Pinch Hitting: RHB David Stone
|
0-0: Called Strike 0-1: Fly out, F9 (Flyball, 9, EV 75.6 MPH)
|
Batting: SHB Zach Clark
|
0-0: Fielders Choice at 2nd, 6-4 (Groundball, 6D, EV 106.2 MPH)
|
Bottom of the 10th over - 0 runs, 1 hit, 0 errors, 1 left on base; Columbus 3 - Brockton 2 |
|